 Dungeon Sprint DCSS version 0.29.1-1-gd02db6906a (webtiles) character file.

Game seed: 17399289973661973962

12100000 Ofeo the Axe Maniac (level 27, -57/266 HPs)
             Began as a Palentonga Warper on Sept 17, 2022.
             Was the Champion of Makhleb.
             Killed from afar by a scourge (59 damage)
             ... with a poison arrow
             ... in the Dungeon (Sprint VIII: "Arena of Blood").
             The game lasted 00:04:51 (121 turns).

Ofeo the Axe Maniac (Palentonga Warper)              Turns: 121, Time: 00:04:52

Health: -57/266    AC: 15    Str: 17    XL:     27
Magic:  46/54      EV: 20    Int: 25    God:    Makhleb [******]
Gold:   0          SH:  0    Dex: 12    Spells: 80/80 levels left

rFire   + . .      SeeInvis +   d - +∞ Axe of Woe
rCold   . . .      Faith    .   (shield currently unavailable)
rNeg    . . .      Spirit   .   a - +0 leather armour
rPois   .          Reflect  .   (no helmet)
rElec   .          Harm     .   (no cloak)
rCorr   .          Rampage  .   (no gloves)
Will    ++...      NoTele   +   (no barding)
Stlth   +++++++++.              (no amulet)
HPRegen 0.54/turn               i - ring of see invisible
MPRegen 0.34/turn               j - ring of protection from fire

@: lethally poisoned (-57 -> -172), slowed, curled up, very slow
A: large, rugged brown scales 3, see invisible, deformed body, roll 1, armoured
tail, reflexive curl
a: Rolling Charge, Renounce Religion, Minor Destruction, Lesser Servant of
Makhleb, Major Destruction, Greater Servant of Makhleb


You were in the Dungeon.
You worshipped Makhleb.
Makhleb was exalted by your worship.
You visited 1 branch

Inventory:

Hand Weapons
 d - the +∞ Axe of Woe (weapon)
   (You found it in the Dungeon)
Missiles
 c - 7 boomerangs of dispersal
Armour
 a - a +0 leather armour (worn)
Jewellery
 i - a ring of see invisible (left hand)
 j - a ring of protection from fire (right hand)
Scrolls
 b - 2 scrolls of blinking {@r4}
Potions
 e - a potion of berserk rage
 f - a potion of heal wounds {@q2}
 g - 2 potions of magic
 h - a potion of haste {@q3}
 q - a potion of curing {@q1}


   Skills:
 O Level 27 Fighting
 O Level 27 Short Blades
 O Level 27 Long Blades
 O Level 27 Axes
 O Level 27 Maces & Flails
 O Level 27 Polearms
 O Level 27 Staves
 O Level 27 Ranged Weapons
 O Level 27 Throwing
 O Level 27 Armour
 O Level 27 Dodging
 O Level 27 Stealth
 O Level 27 Shields
 O Level 27 Unarmed Combat
 O Level 27 Spellcasting
 O Level 27 Conjurations
 O Level 27 Hexes
 O Level 27 Summonings
 O Level 27 Necromancy
 O Level 27 Translocations
 O Level 27 Transmutations
 O Level 27 Fire Magic
 O Level 27 Ice Magic
 O Level 27 Air Magic
 O Level 27 Earth Magic
 O Level 27 Poison Magic
 O Level 27 Invocations
 O Level 27 Evocations


You had 80 spell levels left.
You didn't know any spells.
Your spell library contained the following spells:

 Spells                   Type           Power      Damage    Failure   Level
 Blink                    Tloc           100%       N/A       0%          2
 Gell's Gravitas          Tloc           100%       N/A       0%          3
 Lesser Beckoning         Tloc           100%       N/A       0%          3
 Teleport Other           Tloc           100%       N/A       0%          3
 Manifold Assault         Tloc           100%       N/A       0%          5


Dungeon Overview and Level Annotations

Branches:
Dungeon (1/1)

Altars:
Makhleb


Innate Abilities, Weirdness & Mutations

You are completely covered in rugged brown scales. (AC +3, +7% HP)
You have supernaturally acute eyesight. (SInv)
Armour fits poorly on your strangely shaped body.
You can roll at nearby foes to attack.
You have a long armoured tail.
You curl defensively after being hit. (AC +7*)


Message History

You chop the meat beast into pieces.
You kill the meat beast!
Makhleb accepts your kill.
You feel better.
You slice the meat beast!!
You dissect the meat beast like a pig carcass.
You kill the meat beast!
Makhleb accepts your kill.
You feel better.
You hear a shout!
A meat berserker comes into view. It is wielding a +9 battleaxe.
You hear a shout! x3
The destroyer gestures at you while chanting.
The destroyer blinks!
The accursed gestures at you while chanting.
Something smites you!
You hear a shout! x2
The fleshlord casts a spell.
The fleshlord seems to speed up.
You regained 49 hp, and now have 136/266 hp.
The bag of meat shouts!
You hit the destroyer.
You fatally mangle the destroyer.
You destroy the destroyer!
Makhleb accepts your kill.
You feel better.
The fleshlord appears out of thin air!
A fleshlord comes into view. It is wielding a +9 great mace.
You hear a shout!
You hear two shouts!
You hear a shout!
A bag of meat comes into view. It is wielding a +9 war axe. x3
The accursed gestures at you while chanting.
Something smites you! The scourge throws poison sting at you.
The poison arrow hits you!!!
You are poisoned.
The scourge throws poison sting at you. The poison arrow hits you!!!!
You are more poisoned.
* * * LOW HITPOINT WARNING * * *
The scourge throws poison sting at you. The poison arrow hits you!!!
You are more poisoned.
You die... .. z.... .#......# ..# oooo..

.......# ..#
.opo.G.##.....# ..###.
..Oop§........# ##......
....OW###.)).)# _..o..
...o.o§§)))○°# ...#
..#.#S.°))))).# <._# .
...MS.)§§)))..# )..#....
.#.#.#.@...).)# _O......
....M....)))..# ##......
..#.#.#..#))..# ....###.
..p.....#.))..#
....#.............#....#
....#...........S#.....#
..................))...#
........#...#....).##..#
)......#....#....)## ..#


You could see 2 accurseds, an observer (fast, invisible), 3 scourges, 3
fleshlords, a dread, 2 meat berserkers and 9 bags of meat.

Vanquished Creatures
  11 hell beasts (D)
  3 royal mummies (D)
  A great orb of eyes (D)
  6 wraiths (D)
  Harold (D)
  17 vampire knights (D)
  40 ogres (D)
  8 two-headed ogres (D)
  3 liches (D)
  A hydra (D)
  6 phantoms (D)
  82 orcs (D)
  6 skeletal warriors (D)
  A sea snake (D)
186 creatures vanquished.

Vanquished Creatures (others)
  A hydra (D)
  An orc (D)
2 creatures vanquished.

Grand Total: 188 creatures vanquished

Notes
Turn   | Place    | Note
-------+----------+-------------------------------------------
     0 | D        | Found the +∞ Axe of Woe
     0 | D        | Ofeo the Palentonga Warper began the quest for the Orb.
     0 | D        | Reached XP level 1. HP: 17/17 MP: 3/3
     1 | D        | Noticed a bag of meat
     2 | D        | Noticed a meat berserker
     2 | D        | Noticed a bag of meat
     3 | D        | Became a worshipper of Makhleb the Destroyer
     3 | D        | Noticed a bag of meat
     4 | D        | Noticed a bag of meat
     5 | D        | Noticed a bag of meat
     6 | D        | Killed a meat berserker
     6 | D        | Noticed a bag of meat
     6 | D        | Noticed a meat berserker
     7 | D        | Reached skill level 27 in Axes
     7 | D        | Reached XP level 2. HP: 36/36 MP: 5/5
     7 | D        | Reached XP level 3. HP: 42/42 MP: 6/6
     7 | D        | Reached XP level 4. HP: 49/49 MP: 7/7
     7 | D        | Reached XP level 5. HP: 55/55 MP: 8/8
     7 | D        | Reached XP level 6. HP: 63/63 MP: 9/9
     7 | D        | Gained mutation: You curl defensively after being hit. (AC
                  | +7*) [Palentonga growth]
     7 | D        | Reached XP level 7. HP: 68/68 MP: 10/10
     7 | D        | Reached XP level 8. HP: 75/75 MP: 11/11
     7 | D        | Reached XP level 9. HP: 82/82 MP: 12/12
     7 | D        | Reached XP level 10. HP: 88/88 MP: 13/13
     7 | D        | Reached XP level 11. HP: 95/95 MP: 14/14
     7 | D        | Killed a bag of meat
     7 | D        | Reached * piety under Makhleb
     7 | D        | Noticed a meat berserker
     7 | D        | Noticed a bag of meat
     8 | D        | Reached XP level 12. HP: 119/119 MP: 15/15
     8 | D        | Killed a bag of meat
     8 | D        | Noticed a meat berserker
     8 | D        | Noticed a meat berserker
     8 | D        | Noticed a bag of meat
     9 | D        | Reached XP level 13. HP: 135/135 MP: 16/16
     9 | D        | Killed a bag of meat
     9 | D        | Noticed a bag of meat
     9 | D        | Noticed a bag of meat
     9 | D        | Noticed a bag of meat
    10 | D        | Killed a bag of meat
    10 | D        | Reached ** piety under Makhleb
    11 | D        | Noticed a bag of meat
    11 | D        | Noticed a bag of meat
    11 | D        | Noticed a bag of meat
    11 | D        | Noticed a bag of meat
    11 | D        | Noticed a bag of meat
    11 | D        | Noticed a large bag of meat
    11 | D        | Noticed a bag of meat
    11 | D        | Noticed a meat berserker
    11 | D        | Noticed a bag of meat
    11 | D        | Noticed a bag of meat
    12 | D        | Killed a meat berserker
    13 | D        | Reached skill level 27 in Fighting
    13 | D        | Reached XP level 14. HP: 154/163 MP: 16/25
    13 | D        | Noticed a meat berserker
    13 | D        | Noticed a bag of meat
    13 | D        | Noticed a bag of meat
    13 | D        | Noticed a bag of meat
    13 | D        | Killed a bag of meat
    13 | D        | Killed a bag of meat
    13 | D        | Reached *** piety under Makhleb
    13 | D        | Noticed a bag of meat
    14 | D        | Killed a bag of meat
    14 | D        | Killed a bag of meat
    14 | D        | Killed a bag of meat
    14 | D        | Reached **** piety under Makhleb
    14 | D        | Noticed a meat berserker
    14 | D        | Noticed a bag of meat
    15 | D        | Reached XP level 15. HP: 170/170 MP: 16/36
    16 | D        | Killed a meat berserker
    16 | D        | Killed a meat berserker
    16 | D        | Reached ***** piety under Makhleb
    16 | D        | Noticed a meat berserker
    17 | D        | Reached XP level 16. HP: 178/178 MP: 16/43
    17 | D        | Noticed a meat berserker
    17 | D        | Killed a large bag of meat
    17 | D        | Noticed a meat berserker
    18 | D        | Killed a meat berserker
    19 | D        | Reached skill level 27 in Spellcasting
    19 | D        | Reached skill level 27 in Translocations
    19 | D        | Reached skill level 10 in Stealth
    19 | D        | Reached XP level 17. HP: 171/186 MP: 17/48
    19 | D        | Killed a meat berserker
    19 | D        | Noticed a large bag of meat
    20 | D        | Reached ****** piety under Makhleb
    20 | D        | Noticed a meat berserker
    21 | D        | Reached skill level 15 in Stealth
    21 | D        | Killed a meat berserker
    21 | D        | Noticed a destroyer
    21 | D        | Noticed a meat berserker
    22 | D        | Reached XP level 18. HP: 175/194 MP: 17/49
    22 | D        | Killed a meat berserker
    22 | D        | Noticed a destroyer
    23 | D        | Killed a meat berserker
    23 | D        | Killed a meat berserker
    24 | D        | Reached XP level 19. HP: 186/202 MP: 18/50
    25 | D        | Reached skill level 27 in Dodging
    25 | D        | Killed a meat berserker
    25 | D        | Noticed a large bag of meat
    26 | D        | Reached skill level 27 in Stealth
    26 | D        | Reached skill level 1 in Throwing
    26 | D        | Reached skill level 1 in Armour
    26 | D        | Reached skill level 1 in Invocations
    26 | D        | Killed a destroyer
    26 | D        | Killed a large bag of meat
    27 | D        | Reached skill level 10 in Armour
    27 | D        | Reached XP level 20. HP: 169/210 MP: 19/51
    28 | D        | Reached skill level 10 in Throwing
    28 | D        | Reached skill level 15 in Invocations
    29 | D        | Noticed an eight-headed meat hydra
    29 | D        | Killed a meat berserker
    29 | D        | Killed a meat berserker
    29 | D        | Killed a destroyer
    30 | D        | Reached skill level 15 in Throwing
    30 | D        | Noticed a meat berserker
    31 | D        | Reached XP level 21. HP: 111/218 MP: 20/52
    31 | D        | Killed a large bag of meat
    32 | D        | Noticed a destroyer
    34 | D        | Killed a destroyer
    38 | D        | Noticed a destroyer
    39 | D        | Noticed a destroyer
    40 | D        | Noticed a destroyer
    40 | D        | Killed a destroyer
    41 | D        | Reached skill level 27 in Invocations
    42 | D        | Killed a destroyer
    43 | D        | Reached XP level 22. HP: 61/226 MP: 23/53
    45 | D        | Reached skill level 27 in Unarmed Combat
    50 | D        | Killed a destroyer
    51 | D        | Reached skill level 27 in Armour
    53 | D        | Noticed a destroyer
    53 | D        | Noticed The Servant
    54 | D        | Reached skill level 27 in Throwing
    54 | D        | Reached skill level 10 in Maces & Flails
    54 | D        | Noticed a destroyer
    54 | D        | Killed a destroyer
    54 | D        | Noticed a large bag of meat
    55 | D        | Reached XP level 23. HP: 234/234 MP: 26/54
    58 | D        | Noticed a large bag of meat
    58 | D        | Noticed a tyrant
    58 | D        | Noticed a destroyer
    59 | D        | Noticed a destroyer
    59 | D        | Noticed a large bag of meat
    59 | D        | Noticed a meat beast
    62 | D        | Killed a meat beast
    62 | D        | Killed a destroyer
    63 | D        | Reached skill level 27 in Maces & Flails
    63 | D        | Reached skill level 27 in Polearms
    63 | D        | Reached XP level 24. HP: 242/242 MP: 28/54
    64 | D        | Reached skill level 10 in Short Blades
    64 | D        | Reached skill level 10 in Long Blades
    64 | D        | Reached skill level 10 in Staves
    64 | D        | Reached skill level 10 in Hexes
    64 | D        | Reached skill level 10 in Necromancy
    64 | D        | Reached skill level 10 in Transmutations
    65 | D        | Reached skill level 10 in Shields
    65 | D        | Reached skill level 10 in Conjurations
    65 | D        | Reached skill level 10 in Earth Magic
    65 | D        | Reached skill level 10 in Evocations
    65 | D        | Killed The Servant
    66 | D        | Reached skill level 10 in Ranged Weapons
    66 | D        | Reached skill level 10 in Summonings
    66 | D        | Reached skill level 10 in Fire Magic
    66 | D        | Reached skill level 10 in Ice Magic
    66 | D        | Reached skill level 10 in Air Magic
    66 | D        | Reached skill level 10 in Poison Magic
    66 | D        | Reached XP level 25. HP: 45/250 MP: 29/54
    66 | D        | Killed a destroyer
    66 | D        | Noticed a meat beast
    67 | D        | Killed a large bag of meat
    68 | D        | Noticed a meat beast
    69 | D        | Reached skill level 15 in Short Blades
    69 | D        | Reached skill level 15 in Long Blades
    69 | D        | Reached skill level 15 in Hexes
    69 | D        | Reached skill level 15 in Necromancy
    69 | D        | Reached skill level 15 in Transmutations
    69 | D        | Noticed a dread
    69 | D        | Noticed a dread
    69 | D        | Killed a large bag of meat
    69 | D        | Noticed a meat beast
    70 | D        | Killed a meat beast
    70 | D        | Noticed a dread
    71 | D        | Reached skill level 15 in Ranged Weapons
    71 | D        | Reached skill level 15 in Summonings
    71 | D        | Reached skill level 15 in Fire Magic
    71 | D        | Reached skill level 15 in Ice Magic
    71 | D        | Reached skill level 15 in Air Magic
    71 | D        | Reached skill level 15 in Poison Magic
    71 | D        | Reached XP level 26. HP: 122/258 MP: 31/54
    72 | D        | Killed a destroyer
    73 | D        | Reached XP level 27. HP: 182/266 MP: 31/54
    74 | D        | Killed a meat beast
    74 | D        | Killed a meat beast
    75 | D        | Noticed a destroyer
    75 | D        | Killed a dread
    77 | D        | Killed a destroyer
    82 | D        | Noticed a destroyer
    84 | D        | Killed a large bag of meat
    84 | D        | Noticed a meat beast
    87 | D        | Killed a dread
    89 | D        | Killed a meat beast
    90 | D        | Noticed a destroyer
    90 | D        | Noticed a meat beast
    94 | D        | Noticed an accursed
    95 | D        | Killed a meat beast
    95 | D        | Killed a tyrant
    96 | D        | Reached skill level 27 in Short Blades
    96 | D        | Reached skill level 27 in Long Blades
    96 | D        | Reached skill level 27 in Staves
    96 | D        | Reached skill level 27 in Hexes
    96 | D        | Reached skill level 27 in Necromancy
    96 | D        | Reached skill level 27 in Transmutations
    96 | D        | Noticed an accursed
    97 | D        | Noticed a destroyer
   100 | D        | Killed a destroyer
   101 | D        | Killed a destroyer
   101 | D        | Killed a dread
   102 | D        | Reached skill level 27 in Shields
   102 | D        | Reached skill level 27 in Conjurations
   102 | D        | Reached skill level 27 in Earth Magic
   102 | D        | Reached skill level 27 in Evocations
   102 | D        | Noticed a large bag of meat
   105 | D        | Killed a destroyer
   106 | D        | Reached skill level 27 in Ranged Weapons
   106 | D        | Reached skill level 27 in Summonings
   106 | D        | Reached skill level 27 in Fire Magic
   106 | D        | Reached skill level 27 in Ice Magic
   106 | D        | Reached skill level 27 in Air Magic
   106 | D        | Reached skill level 27 in Poison Magic
   108 | D        | Noticed a meat beast
   108 | D        | Killed an accursed
   108 | D        | Killed a large bag of meat
   108 | D        | Noticed a destroyer
   108 | D        | Noticed a tyrant
   109 | D        | Noticed an accursed
   110 | D        | Killed a meat beast
   110 | D        | Noticed a dread
   110 | D        | Noticed a dread
   111 | D        | Noticed a tyrant
   111 | D        | Noticed a destroyer
   111 | D        | Killed a destroyer
   111 | D        | Noticed a large bag of meat
   112 | D        | Noticed a dread
   113 | D        | Killed a tyrant
   113 | D        | Killed an accursed
   114 | D        | Killed a dread
   114 | D        | Killed a dread
   115 | D        | Killed an accursed
   115 | D        | Killed a destroyer
   116 | D        | Noticed a meat beast
   116 | D        | Noticed a meat beast
   116 | D        | Noticed an accursed
   116 | D        | Noticed a meat beast
   116 | D        | Noticed a destroyer
   116 | D        | Noticed an accursed
   116 | D        | Killed a tyrant
   116 | D        | Noticed a dread
   116 | D        | Noticed a meat beast
   117 | D        | Killed a dread
   117 | D        | Noticed a large bag of meat
   118 | D        | Killed a meat beast
   118 | D        | Noticed a fleshlord
   119 | D        | Noticed a fleshlord
   119 | D        | Killed a large bag of meat
   119 | D        | Killed a meat beast
   120 | D        | Killed a meat beast
   120 | D        | Killed a meat beast
   121 | D        | Killed a destroyer
   121 | D        | HP: 2/266 [scourge/poison arrow (91)]
   121 | D        | Killed from afar by a scourge

Illustrated notes

Levels and vault maps discovered:
D:        meatsprint

Skill      XL: |  1  2  3  4  5  6  7  8  9 10 11 12 13 14 15 16 17 18 19 20 21 22 23 24 25 26 27 |
---------------+----------------------------------------------------------------------------------+-----
Axes           | 27 | 27.0
Fighting       | 9 16 20 27 | 27.0
Spellcasting   | 7 17 23 27 | 27.0
Translocations | 8 18 24 27 | 27.0
Dodging        | 11 19 25 27 | 27.0
Stealth        | 10 18 23 27 | 27.0
Throwing       | 9 16 21 27 | 27.0
Armour         | 10 17 23 27 | 27.0
Invocations    | 12 21 27 | 27.0
Unarmed Combat | 12 20 26 27 | 27.0
Maces & Flails | 16 27 | 27.0
Polearms       | 14 27 | 27.0
Short Blades   | 9 12 18 19 27 | 27.0
Long Blades    | 9 12 18 19 27 | 27.0
Staves         | 8 12 18 19 27 | 27.0
Ranged Weapons | 7 10 15 16 27 | 27.0
Shields        | 8 11 17 18 27 | 27.0
Conjurations   | 8 11 17 18 27 | 27.0
Hexes          | 9 12 18 19 27 | 27.0
Summonings     | 7 10 15 16 27 | 27.0
Necromancy     | 9 12 18 19 27 | 27.0
Transmutations | 9 12 18 19 27 | 27.0
Fire Magic     | 7 10 15 16 27 | 27.0
Ice Magic      | 7 10 15 16 27 | 27.0
Air Magic      | 7 10 15 16 27 | 27.0
Earth Magic    | 8 11 17 18 27 | 27.0
Poison Magic   | 7 10 15 16 27 | 27.0
Evocations     | 8 11 17 18 27 | 27.0

Action                   |  1- 3 |  4- 6 |  7- 9 | 10-12 | 13-15 | 16-18 | 19-21 | 22-24 | 25-27 || total
-------------------------+-------+-------+-------+-------+-------+-------+-------+-------+-------++-------
Melee: Executioner's axe |     1 |       |       |     2 |     7 |     7 |    12 |    20 |    52 ||   101
 Abil: Rolling Charge    |       |       |       |       |     1 |       |     3 |     7 |    20 ||    31
Armor: Leather armour    |       |       |       |       |       |       |       |     1 |     2 ||     3
Dodge: Dodged            |       |       |       |       |       |     1 |       |       |     3 ||     4
